 Dungeon Crawl Stone Soup version 0.26-a0-1222-g14533b3512 (webtiles) character file.

Game seed: 5231821941150503691

53 sahdkjhfkaj the Skirmisher (level 3, 0/36 HPs)
             Began as a Palentonga Chaos Knight on Dec 31, 2020.
             Was a Plaything of Xom.
             Slain by a hobgoblin
             ... wielding a +0 club
              (2 damage)
             ... on level 1 of the Dungeon.
             The game lasted 00:00:45 (930 turns).

sahdkjhfkaj the Skirmisher (Palentonga Chaos Knight) Turns: 930, Time: 00:00:46

Health: 0/36       AC:  6    Str: 16    XL:     3   Next: 62%
Magic:  3/3        EV:  9    Int: 12    God:    Xom [.*....]
Gold:   26         SH:  0    Dex:  9    Spells: 2/2 levels left

rFire    . . .     SeeInvis +   a - +0 falchion (chaos)
rCold    . . .     Faith    .   (no shield)
rNeg     . . .     Spirit   .   b - +2 leather armour
rPois    .         Reflect  .   (no helmet)
rElec    .         Harm     .   (no cloak)
rCorr    .         Rampage  .   (no gloves)
Will     .....                  (no barding)
Stlth    +.........             (no amulet)
HPRegen  0.12/turn              (no ring)
MPRegen  0.08/turn              (no ring)

@: no status effects
A: large, rugged brown scales 3, see invisible, deformed body, roll 1, armoured
tail
a: Rolling Charge, Renounce Religion


You were on level 1 of the Dungeon.
You worshipped Xom.
You were a plaything of Xom.
You visited 1 branch of the dungeon, and saw 2 of its levels.

You collected 26 gold pieces.

Inventory:

Hand Weapons
 a - a +0 falchion of chaos (weapon)
Armour
 b - a +2 leather armour (worn)
Scrolls
 c - a scroll of identify {unknown}


   Skills:
 + Level 4.7 Fighting
 - Level 3.0 Long Blades
 - Level 1.5 Armour
 - Level 0.7 Dodging


You had 2 spell levels left.
You didn't know any spells.
Your spell library was empty.

Dungeon Overview and Level Annotations

Branches:
Dungeon (2/15)

Altars:


Innate Abilities, Weirdness & Mutations

You are completely covered in rugged brown scales. (AC +3, +7% HP)
You have supernaturally acute eyesight. (SInv)
Armour fits poorly on your strangely shaped body.
You can roll at nearby foes to attack.
You have a long armoured tail.


Message History

The giant cockroach waves its antennae.
There is a stone staircase leading up here.
Unknown command.
Unknown command.
The bat hits you but does no damage. The kobold barely misses you.
The bat closely misses you.
You riposte.
You barely miss the bat. The giant cockroach barely misses you.
The hobgoblin barely misses you.
You climb upwards.
There is a stone staircase leading down here.
Unknown command.
Unknown command.
Unknown command.
You barely miss the kobold.
Your tail-slap misses the kobold.
The kobold hits you with a +0 whip.
* * * LOW HITPOINT WARNING * * *
The giant cockroach closely misses you. The kobold hits you with a +0 whip.
* * * LOW HITPOINT WARNING * * *
The hobgoblin hits you with a +0 club.
You die... "Boring in life, boring in death..."

.#.#.##.# #.#.......####.#.#
.#.#.##.# #.#.....>......#.#
##.#.##.# #.##############.#
##.#.##.# #.............##.#
...#.##.# ##..........#.##.#
####.##.#
#..........#.##.######
#.##.####..........#.........#
#.##....'...B.K....+....####.#
#.#######....@.....###### #.#
#.##........g####### #.#
###....#######.# #.#
#...)...##.#...# #.#
#.###......#.### #.#
##+###.#....#.# #####.#
.......######.# #.....#
.....>.'.†..#.# #######
#.##### .......####.#.#
#.....# #.#


You could see a giant cockroach, a hobgoblin and a kobold (berserk).

Vanquished Creatures
  Natasha (D:2)
  3 dart slugs (D:1)
  A leopard gecko (D:1)
  2 bats (D:1)
  A giant cockroach (D:2)
  4 goblins (D:1)
  2 hobgoblins (D:1)
  5 kobolds
  A frilled lizard (D:2)
  A rat (D:1)
21 creatures vanquished.

Notes
Turn   | Place    | Note
-------+----------+-------------------------------------------
     0 | D:1      | sahdkjhfkaj the Palentonga Chaos Knight began the quest for
                  | the Orb.
     0 | D:1      | Reached XP level 1. HP: 20/20 MP: 1/1
    46 | D:1      | XOM: silly message
   227 | D:1      | Reached XP level 2. HP: 11/27 MP: 2/2
   485 | D:1      | XOM: 1-stop teleportation journey
   681 | D:1      | Reached skill level 4 in Fighting
   904 | D:2      | XOM: noise
   910 | D:2      | Noticed Natasha
   913 | D:2      | Reached XP level 3. HP: 27/35 MP: 3/3
   919 | D:2      | Killed Natasha
   930 | D:1      | Slain by a hobgoblin

Illustrated notes

Levels and vault maps discovered:
D:1:      dpeg_arrival_tiny_k, layout_basic, hex_tiny
D:2:      layout_rooms, lemuel_doored_altar, nicolae_overflow_hidden_temple,
          kennysheep_okawaru_gauntlet, uniq_natasha

Skill      XL: |  1  2 |
---------------+-------+-----
Fighting       | 4 |  4.7
Long Blades    | |  3.0
Armour         | |  1.5
Dodging        | |  0.7

Action                   || total
-------------------------++-------
Melee: Falchion          ||    48
       Tailslap          ||     6
Armor: Leather armour    ||    41
Dodge: Dodged            ||    53
       Rpst.: Falchion   ||    16

Table legend: (Time is in decaauts)
 A = Elapsed time spent in this place.
 B = Non-inter-level travel time spent in this place.
 C = Inter-level travel time spent in this place.
 D = Time resting spent in this place.
 E = Time spent auto-exploring this place.
 F = Levels seen in this place.
 G = Mean time per level.
                   A        B        C        D        E       F      G
               +--------+--------+--------+--------+--------+-----+--------+
         Total |    937 |    915 |     22 |      0 |    787 |   2 |  468.5 |
       Dungeon |    937 |    915 |     22 |      0 |    787 |   2 |  468.5 |
               +--------+--------+--------+--------+--------+-----+--------+

Top non-repeatable levels by time:
     D:1: 877 daAuts
     D:2: 60 daAuts
